 Dungeon Crawl Stone Soup version 0.28.0 (webtiles) character file.

Game seed: 16502405944252304665

16392 unlimited1921 the Nimble (level 12, -8/124 HPs)
             Began as a Troll Hunter on Feb 12, 2022.
             Was a Believer of Ashenzari.
             Killed from afar by a fire giant (55 damage)
             ... with a bolt of fire
             ... on level 12 of the Dungeon.
             The game lasted 01:58:05 (15528 turns).

unlimited1921 the Nimble (Troll Hunter)            Turns: 15528, Time: 01:58:06

Health: -8/124     AC:  4    Str: 23    XL:     12   Next: 9%
Magic:  11/11      EV: 21    Int:  7    God:    Ashenzari [**....]
Gold:   537        SH:  0    Dex: 20    Spells: 11/11 levels left

rFire   . . .      SeeInvis +   R - +0 war axe (drain)
rCold   . . .      Faith    .   (no shield)
rNeg    . . .      Spirit   .   b - +0 robe "Ruined Anxiety" {Fort, Melee} (curse)
rPois   .          Reflect  .   (helmet restricted)
rElec   .          Harm     .   (no cloak)
rCorr   .          Rampage  .   (gloves unavailable)
Will    .....                   (boots unavailable)
Stlth   +.........              (no amulet)
HPRegen 1.10/turn               X - ring "Esoteric Relativism" {EV+4, Self, Melee} (curse)
MPRegen 0.12/turn               Q - ring "Ruined With Me" {Dex+6, Bglg, Self} (curse)

@: confused
A: large, unfitting armour, claws 3, regeneration 1, shaggy fur 1, tough skin 1
a: Renounce Religion, Shatter the Chains


You were on level 12 of the Dungeon.
You worshipped Ashenzari.
Ashenzari was pleased with you.
You visited 1 branch of the dungeon, and saw 12 of its levels.

You collected 873 gold pieces.
You spent 336 gold pieces at shops.

Inventory:

Hand Weapons
 f - a +0 long sword
 j - a +2 dagger of freezing
 u - a +0 arbalest
 z - a +0 giant spiked club
 I - a +1 flail of draining
 K - a +0 battleaxe of freezing
 P - a +1 antimagic dire flail
 R - a +0 war axe of draining (weapon)
 S - a +1 war axe of electrocution
 W - a +2 war axe of flaming
Missiles
 d - a throwing net (quivered)
 i - 24 poisoned darts
 l - 7 curare-tipped darts
 p - 99 sling bullets
 t - 14 boomerangs
 F - 99 bolts
 T - 3 silver boomerangs
 V - 3 silver javelins
Armour
 b - the cursed +0 robe "Ruined Anxiety" (worn) {Fort, Melee}

   It has a curse which improves the following skills: Fortitude: Armour and
   Shields.
   Melee Combat: Short Blades, Long Blades, Axes, Maces & Flails, Polearms,
   Staves and Unarmed Combat.
Jewellery
 r - a +4 ring of protection
 G - the ring "Maniuc" {rC+++ Int+5 SInv Stlth-}
   (You found it on level 9 of the Dungeon)

   [ring of see invisible]

   Int:       It affects your intelligence (+5).
   rC:        It renders you almost immune to cold.
   SInv:      It lets you see invisible.
   Stlth:     It makes you less stealthy.
 Q - the cursed ring "Ruined With Me" (right claw) {Dex+6, Bglg, Self}
   (You found it on level 5 of the Dungeon)

   [ring of dexterity]

   Dex:       It affects your dexterity (+6).
   It has a curse which improves the following skills: Beguiling: Conjurations,
   Hexes and Translocations.
   Introspection: Fighting and Spellcasting.
 X - the cursed ring "Esoteric Relativism" (left claw) {EV+4, Self, Melee}
   (You found it on level 7 of the Dungeon)

   [ring of evasion]

   EV:        It affects your evasion (+4).
   It has a curse which improves the following skills: Introspection: Fighting
   and Spellcasting.
   Melee Combat: Short Blades, Long Blades, Axes, Maces & Flails, Polearms,
   Staves and Unarmed Combat.
Wands
 c - a wand of digging (3)
Scrolls
 h - 2 scrolls of fear
 k - 4 scrolls of immolation
 m - 3 scrolls of vulnerability
 o - a scroll of summoning
 x - 6 scrolls of enchant armour
 y - 3 scrolls of holy word
 D - 4 scrolls of enchant weapon
 E - a scroll of silence
 J - a scroll of fog
 M - 6 scrolls of identify
 U - a scroll of magic mapping
Potions
 g - a potion of invisibility
 n - 2 potions of brilliance
 s - a potion of heal wounds
 v - 4 potions of might
 A - a potion of mutation
 L - a potion of haste
 N - 2 potions of curing
 O - a potion of cancellation
 Y - 2 potions of resistance
Miscellaneous
 w - a piece from Xom's chessboard (15/15)


   Skills:
 * Level 7.4(9.4) Fighting
 - Level 4.6(6.4) Short Blades
 + Level 4.8(6.6) Axes
 * Level 9.0 Throwing
 * Level 10.6 Dodging
 + Level 2.8 Stealth
 + Level 1.0 Evocations


You had 11 spell levels left.
You didn't know any spells.
Your spell library contained the following spells:

 Spells                   Type           Power      Damage    Failure   Level
 Sandblast                Erth           0%         2d4       43%         1
 Ensorcelled Hibernation  Hex/Ice        0%         N/A       56%         2
 Passwall                 Tmut/Erth      0%         N/A       56%         2
 Ozocubu's Armour         Ice            0%         N/A       80%         3
 Spider Form              Tmut/Pois      0%         N/A       80%         3
 Stone Arrow              Conj/Erth      0%         3d7       80%         3
 Airstrike                Air            0%         N/A       99%         4
 Anguish                  Hex/Necr       0%         N/A       99%         4
 Summon Lightning Spire   Summ/Air       0%         N/A       99%         4
 Iskenderun's Battlesphe  Conj           0%         2d6       100%        5
 Lightning Bolt           Conj/Air       0%         1d11      100%        5
 Metabolic Englaciation   Hex/Ice        0%         N/A       100%        5
 Iron Shot                Conj/Erth      0%         9d1       100%        6
 Simulacrum               Ice/Necr       0%         N/A       100%        6
 Spellforged Servitor     Conj/Summ      0%         N/A       100%        7


Dungeon Overview and Level Annotations

Branches:
Dungeon (12/15)            Temple (0/1) D:6            Lair (0/6) D:10
    Orc (0/2) D:9

Altars:
Ashenzari
Cheibriados
Gozag
Hepliaklqana
Kikubaaqudgha
Nemelex Xobeh
Okawaru
Qazlal
Sif Muna
Xom
Yredelemnul
Zin

Shops:
D:2 (   D:6 [


Innate Abilities, Weirdness & Mutations

You are too large for most types of armour.
You have claws for hands.
Your natural rate of healing is unusually fast.
You are covered in fur. (AC +1)
You have tough skin. (AC +1)


Message History

Things that are here:
a +0 robe; a +0 dagger Throw: 4 large rocks
Press: ? - help, Q - select action, (/) - cycle Shift-Dir - straight line, f - fire giant
Aim: a fire giant, wielding a +2 great sword of flaming (86% to hit)
You throw a large rock.
The large rock barely misses the fire giant.
Throw: 3 large rocks
Press: ? - help, Q - select action, (/) - cycle Shift-Dir - straight line, f/p - fire giant
Aim: a fire giant, wielding a +2 great sword of flaming (86% to hit)
You throw a large rock. The large rock hits the fire giant!!
The fire giant is moderately wounded.
The vampire gestures wildly while chanting.
The vampire flickers and vanishes for a moment.
Throw: 2 large rocks
Press: ? - help, Q - select action, (/) - cycle Shift-Dir - straight line, f/p - fire giant
Aim: a fire giant, wielding a +2 great sword of flaming (moderately wounded, 86% to hit)
You throw a large rock. The large rock hits the fire giant!
The fire giant is moderately wounded.
The fire giant points at you and mumbles some strange words.
The bolt of fire hits you!
The vampire throws a stone.
The stone closely misses you.
Throw: large rock
Press: ? - help, Q - select action, (/) - cycle Shift-Dir - straight line, f/p - fire giant
Aim: a fire giant, wielding a +2 great sword of flaming (moderately wounded, 86% to hit)
You throw a large rock.
The large rock barely misses the fire giant.
The vampire throws a stone.
The stone hits you!
The fire giant gestures at you while chanting.
The bolt of fire misses you.
The vampire gestures at you while chanting.
You are confused.
There is a stone staircase leading up, spattered with blood here.
The fire giant casts a spell at you. The bolt of fire hits you!!
The fire giant casts a spell at you.
The fireball explodes!
The fireball engulfs you!!
The fire giant points at you and mumbles some strange words.
The bolt of fire hits you!!!
You die...

##..<...(....##
##.........).##
##...........##
##...........##
##...........##
##...........##
##.........VC##
##..........[##
##..........@##
##...........##
###############
#######


You could see a fire giant and a vampire (invisible).

Vanquished Creatures
  The ghost of kcfos the Slicer, a journeyman KoGl of Yredelemnul (D:10)
  A boulder beetle (D:11)
  2 hydras
  3 two-headed ogres (D:11)
  The ghost of egresovca the Thaumaturge, a novice DsCj of Gozag (D:8)
  2 cyclopes
  2 manticores
  An ugly thing (D:10)
  A gargoyle (D:10)
  2 kobold demonologists (D:12)
  A freezing wraith (D:11)
  5 slime creatures
  A wyvern (D:8)
  2 vampires
  6 yaks
  3 vampire mosquitoes (D:11)
  4 wargs (D:9)
  2 steam dragons (D:9)
  Menkaure (D:5)
  Edmund (D:4)
  4 water moccasins
  3 acid dragons
  3 orc warriors
  4 black bears
  2 ice beasts (D:7)
  4 sky beasts
  2 necrophages (D:6)
  An ogre (D:5)
  7 centaurs
  A phantom (D:5)
  3 kobold brigands
  5 bullfrogs
  A scorpion (D:5)
  An electric eel (D:7)
  3 howler monkeys
  4 centaur zombies
  5 orc priests
  4 hounds
  A bullfrog skeleton (D:5)
  A jelly (D:6)
  Terence (D:3)
  A gnoll shaman (D:4)
  Ijyb (D:4)
  A scorpion zombie (D:5)
  5 iguanas
  8 orc wizards
  A hound skeleton (D:4)
  2 howler monkey zombies
  8 gnolls
  A howler monkey skeleton (D:5)
  5 adders
  A white imp (D:6)
  An adder zombie (D:5)
  A worm (D:8)
  2 dart slugs
  38 orcs
  7 endoplasms
  A giant cockroach (D:2)
  8 goblins
  2 hobgoblins (D:2)
  6 jackals
  18 kobolds
  6 quokkas
  7 ball pythons
  4 bats
  5 frilled lizards
  9 rats
  A spectral orc (D:10)
252 creatures vanquished.

Vanquished Creatures (others)
  A yak (D:12)
  2 bushes (D:12)
  37 fungi
  52 plants
92 creatures vanquished.

Grand Total: 344 creatures vanquished

Notes
Turn   | Place    | Note
-------+----------+-------------------------------------------
     0 | D:1      | unlimited1921 the Troll Hunter began the quest for the Orb.
     0 | D:1      | Reached XP level 1. HP: 19/19 MP: 0/0
   181 | D:1      | Reached XP level 2. HP: 27/27 MP: 1/1
   343 | D:1      | Found a faded altar of an unknown god.
  1004 | D:2      | Reached XP level 3. HP: 35/35 MP: 2/2
  1374 | D:2      | Found Qanlunwe's Antique Weapon Shop.
  1887 | D:2      | Reached skill level 2 in Dodging
  2262 | D:3      | Noticed Terence
  2265 | D:3      | Reached XP level 4. HP: 42/42 MP: 3/3
  2266 | D:3      | Killed Terence
  2676 | D:4      | Noticed Ijyb
  2678 | D:4      | Reached skill level 1 in Short Blades
  2809 | D:3      | Reached XP level 5. HP: 49/49 MP: 4/4
  2866 | D:4      | Killed Ijyb
  3187 | D:4      | Reached skill level 1 in Axes
  3199 | D:4      | Reached skill level 3 in Dodging
  3236 | D:4      | Reached XP level 6. HP: 39/59 MP: 5/5
  3329 | D:4      | Found a shimmering altar of Xom.
  3414 | D:4      | Noticed Edmund
  3418 | D:4      | Killed Edmund
  3793 | D:5      | Entered Level 5 of the Dungeon
  3870 | D:5      | Noticed Menkaure
  3875 | D:5      | Killed Menkaure
  3876 | D:5      | Reached skill level 4 in Dodging
  3876 | D:5      | Reached XP level 7. HP: 40/67 MP: 6/6
  4176 | D:5      | Reached skill level 1 in Stealth
  4435 | D:5      | Reached skill level 5 in Dodging
  4706 | D:5      | Found a sparkling altar of Nemelex Xobeh.
  4733 | D:5      | Reached skill level 5 in Throwing
  4885 | D:5      | Reached XP level 8. HP: 78/78 MP: 7/7
  4915 | D:5      | Found a broken altar of Ashenzari.
  4939 | D:5      | Became a worshipper of Ashenzari the Shackled
  5030 | D:6      | Found Atel's Antique Armour Shoppe.
  5487 | D:2      | Bought a glowing war axe for 156 gold pieces
  6375 | D:6      | Reached skill level 6 in Dodging
  6541 | D:6      | Found a staircase to the Ecumenical Temple.
  6673 | D:6      | Found an opulent altar of Gozag.
  6892 | D:7      | Reached XP level 9. HP: 85/85 MP: 8/8
  7288 | D:7      | Reached * piety under Ashenzari
  7511 | D:7      | Found a shimmering blue altar of Sif Muna.
  7732 | D:7      | Reached ** piety under Ashenzari
  8171 | D:8      | Found a runed translucent door.
  8171 | D:8      | Noticed egresovca's ghost (novice DsCj)
  8190 | D:8      | Reached skill level 5 in Fighting
  8190 | D:8      | Reached skill level 7 in Dodging
  8260 | D:8      | Found a hazy altar of Hepliaklqana.
  8406 | D:8      | Found an iron altar of Okawaru.
  8654 | D:8      | Reached *** piety under Ashenzari
  8746 | D:8      | Found a snail-covered altar of Cheibriados.
  9078 | D:8      | Killed egresovca's ghost
  9215 | D:9      | Identified the ring "Maniuc" {rC+++ Int+5 SInv Stlth-}
  9364 | D:9      | Reached skill level 8 in Dodging
  9392 | D:9      | Reached XP level 10. HP: 66/105 MP: 9/9
  9562 | D:9      | Found a staircase to the Orcish Mines.
 10341 | D:9      | Found a stormy altar of Qazlal.
 10503 | D:10     | Entered Level 10 of the Dungeon
 10692 | D:10     | Found an ancient bone altar of Kikubaaqudgha.
 10766 | D:10     | Noticed a gargoyle
 10820 | D:10     | Reached skill level 9 in Dodging
 10833 | D:10     | Killed a gargoyle
 10859 | D:10     | Found a staircase to the Lair.
 11079 | D:10     | Noticed a brown ugly thing
 11098 | D:10     | Killed a brown ugly thing
 11348 | D:10     | Reached XP level 11. HP: 102/115 MP: 10/10
 11376 | D:10     | Found Zin's Purification Station.
 11379 | D:10     | Found a glowing silver altar of Zin.
 11384 | D:10     | Bought 2 potions of curing for 180 gold pieces
 11845 | D:10     | Found a basalt altar of Yredelemnul.
 11905 | D:11     | Noticed kcfos's ghost (journeyman KoGl)
 11905 | D:11     | Found a runed translucent door.
 11954 | D:11     | Noticed a two-headed ogre
 11958 | D:11     | Killed a two-headed ogre
 12032 | D:11     | Noticed a two-headed ogre
 12034 | D:11     | Killed a two-headed ogre
 12047 | D:11     | Reached **** piety under Ashenzari
 12162 | D:11     | Noticed a boulder beetle
 12554 | D:11     | Noticed a two-headed ogre
 12560 | D:11     | Killed a two-headed ogre
 12811 | D:11     | Killed a boulder beetle
 12906 | D:11     | Noticed a four-headed hydra
 12912 | D:11     | Killed a four-headed hydra
 12913 | D:11     | Reached skill level 10 in Dodging
 13457 | D:10     | Killed kcfos's ghost
 13489 | D:10     | Identified the cursed +2 hat of Desmomancy {Cun, Alch} (You
                  | found it on level 2 of the Dungeon)
 13489 | D:10     | Identified the cursed +0 robe "Ruined Anxiety" {Fort,
                  | Melee}
 13576 | D:11     | Reached skill level 1 in Evocations
 15110 | D:12     | Noticed a four-headed hydra
 15113 | D:12     | Noticed a fire giant
 15116 | D:12     | Noticed a deep elf pyromancer
 15118 | D:12     | Killed a one-headed hydra
 15119 | D:12     | Reached XP level 12. HP: 105/123 MP: 11/11
 15311 | D:12     | Noticed a fire giant
 15528 | D:12     | Killed from afar by a fire giant

Illustrated notes

Levels and vault maps discovered:
D:1:      evilmike_arrival_crescent, layout_basic,
          hellmonk_ecumenical_altar_lost_god, st_stairs_7
D:2:      layout_basic, serial_shops, nicolae_shop_stone,
          ebering_dispersal_statue_hall, lexackson_kobold_supper
D:3:      layout_basic, uniq_terence
D:4:      layout_loops_ring, nicolae_overflow_crystal_walls, uniq_edmund,
          uniq_ijyb
D:5:      nicolae_BIG_FREAKIN_CUBE, layout_basic, ashenzari_altar_1,
          nemelex_altar_shiori, minmay_misc_feat_ornament, uniq_menkaure
D:6:      layout_loops_cross, mainiacjoe_overflow_alcove_1,
          minmay_temple_entry_mist, serial_shops, nicolae_shop_advertising_works
          [nicolae_subvault_shop_adworks]
D:7:      layout_basic, mainiacjoe_overflow_cross_hatched,
          minmay_misc_feat_rows, water_boxes_lemuel
D:8:      layout_basic, mainiacjoe_overflow_concentric_impassable,
          mainiacjoe_overflow_tiny_flanked, slow_altar_1, gammafunk_ghost_grave
D:9:      layout_basic, kennysheep_little_box, minmay_orc_entry_guard_dogs,
          minmay_liquid_box, hangedman_misty_isle
D:10:     layout_loops_ring, nicolae_kikubaaqudgha_miasma_corner,
          yredelemnul_forgotten_temple_becter, zin_purify,
          due_lair_maze_entry_diamond, nicolae_concentric_dashed_squares_mild,
          hellmonk_bongcloud_opening
D:11:     layout_irregular_city, hellmonk_ghost_happy_afterlife
D:12:     minmay_klotski, layout_cross, kennysheep_nondescript

Skill      XL: |  1  2  3  4  5  6  7  8  9 10 11 12 |
---------------+-------------------------------------+-----
Throwing       | 4 5 6 8 9 |  9.0
Dodging        | 2 3 4 5 6 8 9 10 | 10.6
Fighting       | 2 3 4 5 6 7 |  7.4
Short Blades   | 1 2 4 |  4.6
Axes           | 1 3 4 |  4.8
Stealth        | 1 2 |  2.8
Evocations     | 1 |  1.0

Action                   |  1- 3 |  4- 6 |  7- 9 | 10-12 || total
-------------------------+-------+-------+-------+-------++-------
Melee: Short sword       |   186 |       |       |       ||   186
       Hand axe          |    17 |    73 |       |       ||    90
       Punch             |     5 |     6 |    16 |    19 ||    46
       Dagger            |       |   137 |   849 |   528 ||  1514
       War axe           |       |       |       |   173 ||   173
Throw: Large rock        |    42 |    20 |    19 |    86 ||   167
       Throwing net      |     1 |       |     1 |       ||     2
       Dart              |       |       |    14 |     6 ||    20
       Boomerang         |       |       |    21 |    58 ||    79
Invok: Curse Item        |       |       |     4 |     1 ||     5
       Shatter the Chain |       |       |       |     2 ||     2
Evoke: Wand              |       |       |    10 |    13 ||    23
  Use: Potion            |       |       |     7 |     4 ||    11
       Scroll            |       |       |     1 |     6 ||     7
 Stab: Sleeping          |       |       |     4 |       ||     4
       Distracted        |       |       |     1 |       ||     1
Armor: Robe              |    50 |   118 |   391 |   157 ||   716
       Skin              |       |       |     1 |    13 ||    14
Dodge: Dodged            |    51 |   103 |   437 |   676 ||  1267
